 Dungeon Crawl Stone Soup version 0.24-a0-416-g56ce5178b7 (webtiles) character file.

Game seed: 18213876937658018953

53967 Lanoc the Fencer (level 14, -3/145 HPs)
             Began as a Minotaur Chaos Knight on June 8, 2019.
             Was a Plaything of Xom.
             Slain by an orc knight
             ... wielding a +0 halberd
              (15 damage)
             ... while paralysed by an orc sorcerer
             ... on level 2 of the Orcish Mines on June 9, 2019.
             The game lasted 00:35:06 (11429 turns).

Lanoc the Fencer (Minotaur Chaos Knight)           Turns: 11429, Time: 00:35:07

Health: -3/145     AC: 22    Str: 19    XL:     14   Next: 32%
Magic:  13/13      EV:  2    Int: 13    God:    Xom [......]
Gold:   1845       SH:  0    Dex: 14    Spells: 13/13 levels left

rFire    + . .     SeeInvis +   E - +7 Screaming Sword {slice, sonic wave}
rCold    + + .     Gourm    +   Q - +0 buckler of Unreason {rF- rN+++ rCorr SInv} (curse)
rNeg     + + +     Faith    .   n - +5 chain mail of Acleeboy {rF++ Regen+ Dex-4 Stlth+}
rPois    .         Spirit   .   (helmet restricted)
rElec    .         Reflect  .   j - +0 cloak
rCorr    +         Harm     .   (no gloves)
MR       +....     Rnd*Rage +   R - +1 pair of boots
Stlth    ..........             O - amulet of Incredulity {Gourm rC+}
HPRegen  0.74/turn              e - +4 ring of strength
MPRegen  0.13/turn              P - ring "Xoclel" {+Inv rF- rC+ Int+4 Dex+3}

@: paralysed, corroded, hasted, studying 2 skills
A: retaliatory headbutt, horns 2, icy blue scales 2, rugged brown scales 1,
berserk 1, fire resistance 1, sense surroundings 1, robust 1, weak 1
a: Renounce Religion, Evoke Invisibility


You were on level 2 of the Orcish Mines.
You worshipped Xom.
You were a very special plaything of Xom.
You were very full.

You visited 2 branches of the dungeon, and saw 17 of its levels.

You collected 1845 gold pieces.

Inventory:

Hand Weapons
 a - a +0 mace of chaos
 E - the +7 Screaming Sword (weapon) {slice, sonic wave}
   (You found it on level 7 of the Dungeon)

   It inflicts extra damage upon your enemies.
 H - a +4 scimitar of chaos
 K - a +0 demon whip
Missiles
 L - 4 curare-tipped darts (quivered)
Armour
 g - a +0 shield
 j - a +0 cloak (worn)
 n - the +5 chain mail of Acleeboy (worn) {rF++ Regen+ Dex-4 Stlth+}
   (You found it on level 4 of the Dungeon)

   It affects your dexterity (-4).
   It greatly protects you from fire.
   It increases your rate of regeneration.
   It makes you more stealthy.
 G - a +2 shield of reflection
 Q - the cursed +0 buckler of Unreason (worn) {rF- rN+++ rCorr SInv}
   (You found it on level 15 of the Dungeon)

   It makes you vulnerable to fire.
   It renders you almost immune to negative energy.
   It lets you see invisible.
   It provides partial protection from all sources of acid and corrosion.
   It has a curse placed upon it.
 R - a +1 pair of boots (worn)
Jewellery
 e - a +4 ring of strength (left hand)
 x - an uncursed ring of poison resistance
 O - the amulet of Incredulity (around neck) {Gourm rC+}
   (You found it on level 13 of the Dungeon)

   [amulet of the gourmand]

   It allows you to eat raw meat even when not hungry.
   It protects you from cold.
 P - the ring "Xoclel" (right hand) {+Inv rF- rC+ Int+4 Dex+3}
   (You found it on level 13 of the Dungeon)

   [ring of dexterity]

   It affects your intelligence (+4).
   It affects your dexterity (+3).
   It makes you vulnerable to fire.
   It protects you from cold.
   It lets you turn invisible.
Wands
 h - a wand of enslavement (7)
 k - a wand of flame (25)
 m - a wand of disintegration (8)
 z - a wand of clouds (9)
 A - a wand of acid (10)
 F - a wand of iceblast (10)
 I - a wand of random effects (9)
 N - a wand of digging (6)
Scrolls
 d - 12 scrolls of remove curse
 f - 3 scrolls of amnesia
 i - 3 scrolls of fog
 p - 2 scrolls of fear
 s - 7 scrolls of teleportation
 u - 4 scrolls of enchant weapon
 y - 3 scrolls of blinking
 C - 4 scrolls of immolation
 M - a scroll of magic mapping
Potions
 b - a potion of resistance
 l - a potion of agility
 o - a potion of brilliance
 q - 3 potions of haste
 r - 2 potions of flight
 t - 4 potions of mutation
 v - 6 potions of berserk rage
 w - a potion of heal wounds
 B - 7 potions of curing
 J - a potion of magic
Books
 D - a manual of Invocations
 S - a manual of Unarmed Combat
Miscellaneous
 U - a sack of spiders
Comestibles
 c - 30 rations


   Skills:
 + Level 13.5 Fighting
 * Level 15.6 Long Blades
 - Level 10.5 Maces & Flails
 + Level 13.3 Armour
 + Level 12.2 Dodging
 + Level 4.4 Shields


You had 13 spell levels left.
You didn't know any spells.
Your spell library contained the following spells:

 Spells                   Type           Power        Failure   Level  Hunger
 Animate Skeleton         Necr           N/A          89%         1    ##.....
 Pain                     Necr           #...         89%         1    ##.....
 Sublimation of Blood     Necr           #.........   96%         2    ###....
 Ignite Poison            Fire/Tmut/Pois #.......     99%         3    ####...
 Regeneration             Chrm/Necr      #.........   99%         3    ####...
 Vampiric Draining        Necr           #.........   99%         3    ####...
 Animate Dead             Necr           N/A          100%        4    #####..
 Petrify                  Tmut/Erth      #.......     100%        4    #####..
 Alistair's Intoxication  Tmut/Pois      #.......     100%        5    ######.
 Irradiate                Conj/Tmut      #.........   100%        5    ######.


Dungeon Overview and Level Annotations

Branches:
Dungeon (15/15)            Temple (0/1) D:6            Lair (0/6) D:11
    Orc (2/2) D:11            Elf (0/3) Orc:2        Vaults (0/5) D:14
 Depths (0/5) D:15

Altars:
Fedhas
Gozag
Okawaru
Qazlal
Ru
Sif Muna
Uskayaw
Vehumet
Wu Jian
Xom
Yredelemnul
The Shining One

Shops:
D:14 *   Orc:1 (   Orc:2 :((

Annotations:
D:4 exclusion: statue


Innate Abilities, Weirdness & Mutations

You reflexively headbutt those who attack you in melee.
You have a pair of horns on your head.
You are mostly covered in icy blue scales. (AC +3)
You are partially covered in rugged brown scales. (AC +1, +3% HP)
You tend to lose your temper in combat.
Your flesh is heat resistant. (rF+)
You passively map a small area around you.
You are robust. (+10% HP)
You are weak. (Str -2)


Message History

You feel yourself speed up.
The orange demon stings the orc knight!
The orange demon hits the orc knight but does no damage.
The orc warrior hits you with a +0 dire flail!
The orc sorcerer casts a spell at you.
You suddenly lose the ability to move!
The orc sorcerer hits you but does no damage.
The orc knight hits you from afar with a +0 halberd!
The orc high priest hits you but does no damage.
The rust devil hits you.
The orange demon stings the orc warrior but does no damage.
The orange demon hits the orc warrior but does no damage.
The orc knight hits you from afar with a +3 glaive!!!
* * * LOW HITPOINT WARNING * * *
The orc sorcerer hits you but does no damage.
The orc warrior hits you but does no damage.
The orc sorcerer hits you but does no damage.
The orc high priest hits you but does no damage.
The orc knight hits you from afar with a +0 halberd!
You die...
Xom chortles!

* . ## * .#.## .# .##
##. ##
.#..##..##..#####..
∩.#....#...##.##.#.#.
.#........##.##.....
#.#........ #.##.....
#.#..4...#####.##.....
#....oo...............
* #..@oo.#####.##...#.
* #.o4o..)..##.##....#
#..#3oo.....##.##.#.##
#∩,#ooo.#...##.##..###
##..#4.##..##..##.#
#∩.#)##..)##.#####
*#....)))##..#
##...))##..##
#####....##


You could see 3 orc knights, 2 orc high priests, a sun demon, an orange demon
(confused), 2 rust devils, 2 orc sorcerers, 2 orc warriors, an orc priest and an
orc wizard.

Vanquished Creatures
  A sphinx (D:13)
  Donald (Orc:2)
  A tengu reaver (D:13)
  A fire giant (D:13)
  An ettin (D:13)
  The ghost of Poijas the Severer, a journeyman DsAK of Lugonu (Orc:1)
  3 vault guards (D:14)
  A yaktaur captain (D:15)
  A hydra (D:14)
  A death knight (D:12)
  4 centaur warriors
  6 two-headed ogres
  A dancing weapon (Orc:1)
  3 tengu warriors
  3 deep troll earth magi (D:13)
  An orc high priest (Orc:2)
  An unseen horror (D:13)
  A deep elf archer (D:13)
  Pikel (D:8)
  4 orc knights
  A deep elf mage (D:14)
  3 orc sorcerers (Orc:2)
  5 ugly things
  4 cyclopes
  Psyche (D:9)
  A gargoyle (D:11)
  3 kobold demonologists (D:15)
  A komodo dragon (D:11)
  A freezing wraith (D:13)
  6 centaur skeletons
  2 yaktaurs (D:15)
  2 tengu conjurers
  7 trolls
  3 meliai (D:10)
  2 hornets
  5 hippogriffs
  12 yaks
  A shadow (D:15)
  2 hogs (D:7)
  A vampire (D:14)
  9 humans
  2 wyverns
  A basilisk (D:14)
  5 vampire mosquitoes
  A human (shapeshifter) (D:13)
  A steam dragon (D:10)
  A warg (Orc:2)
  2 soldier ants (D:14)
  5 black bears
  18 orc warriors
  2 ice beasts
  3 phantoms
  2 sky beasts
  3 eyes of draining
  A necrophage (D:3)
  6 ogres
  13 centaurs
  A hornet zombie (D:15)
  7 big kobolds
  10 bullfrogs
  9 scorpions
  10 killer bees
  16 wights
  9 howler monkeys
  14 crimson imps
  2 centaur zombies
  A quasit (D:8)
  2 hounds
  19 orc priests
  3 jellies
  19 orc wizards
  3 bullfrog skeletons
  6 iguanas
  5 worker ants
  Natasha (thrice) (D:3)
  2 hound zombies
  4 gnolls (D:3)
  13 adders
  4 shadow imps
  An ooze (D:6)
  An adder skeleton (D:9)
  4 worms
  2 dart slugs
  4 leopard geckos
  82 orcs
  A giant cockroach (D:5)
  5 goblins
  2 hobgoblins
  3 jackals (D:8)
  31 kobolds
  4 quokkas
  14 bats
  7 frilled lizards
  2 jackal skeletons
  A leopard gecko skeleton (D:8)
  A quokka skeleton (D:5)
  3 quokka zombies
  3 rats
  A fire vortex (Orc:1)
  A plant (D:11)
510 creatures vanquished.

Vanquished Creatures (collateral kills)
  An adder (D:7)
  A kobold (D:11)
2 creatures vanquished.

Vanquished Creatures (others)
  A hornet (D:13)
  A human (D:14)
  7 fungi (D:7)
  5 plants (D:11)
14 creatures vanquished.

Grand Total: 526 creatures vanquished

Notes
Turn   | Place    | Note
-------+----------+-------------------------------------------
     0 | D:1      | Lanoc the Minotaur Chaos Knight began the quest for the
                  | Orb.
     0 | D:1      | Reached XP level 1. HP: 19/19 MP: 0/0
   131 | D:2      | Reached XP level 2. HP: 27/27 MP: 1/1
   267 | D:2      | Found a glowing golden altar of the Shining One.
   272 | D:2      | Found a basalt altar of Yredelemnul.
   275 | D:2      | Noticed a profane servitor
   300 | D:3      | XOM: potion effect (invisibility)
   306 | D:3      | Reached XP level 3. HP: 33/33 MP: 2/2
   357 | D:3      | Reached XP level 4. HP: 39/40 MP: 3/3
   368 | D:3      | Reached skill level 5 in Maces & Flails
   385 | D:3      | Noticed a necrophage
   398 | D:3      | Noticed Natasha
   399 | D:3      | XOM: potion effect (haste)
   404 | D:3      | Killed Natasha
   407 | D:3      | Killed a necrophage
   407 | D:3      | Reached XP level 5. HP: 46/47 MP: 4/4
   680 | D:3      | XOM: harmless Necr miscast
   792 | D:3      | Reached XP level 6. HP: 49/55 MP: 5/5
   831 | D:3      | Noticed Natasha
   839 | D:3      | Killed Natasha
   848 | D:3      | XOM: 4-stop teleportation journey
   968 | D:3      | XOM: god gift: 38 gold pieces
  1025 | D:3      | Noticed Natasha
  1031 | D:3      | Killed Natasha
  1031 | D:3      | Reached skill level 5 in Fighting
  1162 | D:3      | XOM: give mutations
  1162 | D:3      | Gained mutation: You can translocate small distances at
                  | will. [Xom's grace]
  1162 | D:3      | Gained mutation: You are partially covered in rugged brown
                  | scales. (AC +1, +3% HP) [Xom's grace]
  1162 | D:3      | Gained mutation: You are partially covered in icy blue
                  | scales. (AC +2) [Xom's grace]
  1184 | D:3      | XOM is BORED!
  1393 | D:4      | XOM: enchant monster (good)
  1432 | D:4      | Found a radiant altar of Vehumet.
  1439 | D:4      | Got a jewelled chain mail
  1450 | D:4      | Identified the +5 chain mail of Acleeboy {rF++ Regen+ Dex-4
                  | Stlth+} (You found it on level 4 of the Dungeon)
  1646 | D:4      | Reached XP level 7. HP: 62/62 MP: 6/6
  1941 | D:4      | XOM: medium Hex miscast
  1966 | D:5      | XOM: noise
  1966 | D:5      | Entered Level 5 of the Dungeon
  2065 | D:5      | Reached skill level 5 in Armour
  2398 | D:5      | XOM: mild Erth miscast
  2527 | D:5      | Found a blossoming altar of Fedhas.
  2540 | D:5      | XOM: god gift: 30 gold pieces
  2686 | D:6      | Found a sacrificial altar of Ru.
  2698 | D:5      | XOM: harmless Summ miscast
  2699 | D:5      | XOM: harmless Erth miscast
  2721 | D:6      | XOM: potion effect (brilliance)
  2725 | D:6      | XOM: noise
  2742 | D:6      | XOM: confuse monster(s)
  2745 | D:6      | Reached XP level 8. HP: 67/72 MP: 7/7
  2817 | D:6      | XOM: confuse monster(s)
  2838 | D:6      | XOM: medium Necr miscast
  2900 | D:6      | XOM: 1-stop teleportation journey
  2921 | D:6      | Found a staircase to the Ecumenical Temple.
  2930 | D:6      | Found a stormy altar of Qazlal.
  2933 | D:6      | Noticed an air elemental
  2983 | D:6      | XOM: god gift: wand of clouds (6)
  3085 | D:6      | Found an iron altar of Okawaru.
  3189 | D:6      | XOM: mild Chrm miscast
  3355 | D:6      | Reached skill level 5 in Dodging
  3422 | D:6      | XOM: cloud trail
  3487 | D:7      | XOM: enchant monster (good)
  3517 | D:7      | Reached XP level 9. HP: 66/81 MP: 8/8
  3727 | D:7      | XOM: cast spell 'Summon Hydra'
  3740 | D:7      | XOM: 2-stop teleportation journey
  3792 | D:7      | XOM: noise
  3927 | D:7      | Found a hide-covered altar of Uskayaw.
  4046 | D:7      | Reached skill level 10 in Maces & Flails
  4092 | D:7      | XOM: chaos cloud
  4097 | D:7      | Paralysed by you for 7 turns
  4198 | D:7      | Found the +7 Singing Sword {slice, sonic wave}
  4204 | D:7      | XOM: give mutation
  4204 | D:7      | Lost mutation: You can translocate small distances at will.
                  | [Xom's mischief]
  4296 | D:7      | XOM: mild Fire miscast
  4418 | D:8      | XOM: harmless Summ miscast
  4487 | D:8      | Found an ornate altar of the Wu Jian Council.
  4535 | D:8      | Reached skill level 1 in Long Blades
  4556 | D:8      | Reached skill level 2 in Long Blades
  4563 | D:8      | Noticed a two-headed ogre
  4567 | D:8      | Killed a two-headed ogre
  4567 | D:8      | Reached skill level 4 in Long Blades
  4567 | D:8      | XOM: harmless Tmut miscast
  4597 | D:8      | Reached XP level 10. HP: 76/92 MP: 9/9
  4597 | D:8      | XOM: enchant monster (bad)
  4619 | D:8      | Reached skill level 5 in Long Blades
  4629 | D:8      | Noticed Pikel
  4640 | D:8      | Killed Pikel
  4720 | D:7      | XOM: scenery: create altars
  4944 | D:8      | XOM: scenery: create altars
  5017 | D:8      | XOM: divination: magic mapping
  5092 | D:8      | XOM: enchant monster (bad)
  5098 | D:8      | Reached skill level 6 in Long Blades
  5355 | D:9      | Noticed Psyche
  5367 | D:9      | Killed Psyche
  5367 | D:9      | Reached skill level 7 in Long Blades
  5854 | D:9      | XOM: 2-stop teleportation journey
  5957 | D:10     | Entered Level 10 of the Dungeon
  5960 | D:10     | XOM: scenery: 2 doors open
  6082 | D:10     | XOM: fake destruction
  6102 | D:10     | Noticed a two-headed ogre
  6107 | D:10     | Reached skill level 8 in Long Blades
  6109 | D:10     | Killed a two-headed ogre
  6109 | D:10     | Reached XP level 11. HP: 90/101 MP: 4/10
  6173 | D:10     | Reached skill level 10 in Fighting
  6231 | D:10     | XOM: harmless Pois miscast
  6270 | D:10     | Reached skill level 9 in Long Blades
  6292 | D:10     | XOM: confusion
  6516 | D:10     | XOM: noise
  6520 | D:10     | XOM: mild Summ miscast
  6589 | D:10     | Noticed a two-headed ogre
  6597 | D:10     | Killed a two-headed ogre
  6639 | D:11     | Found a staircase to the Lair.
  6692 | D:11     | Reached skill level 10 in Armour
  6770 | D:11     | Found a staircase to the Orcish Mines.
  6797 | D:11     | XOM: medium Ice miscast
  6801 | D:11     | XOM: summons 1 hostile demon
  6894 | D:11     | XOM: give mutations
  6894 | D:11     | Gained mutation: Armour fits poorly on your strangely
                  | shaped body. [Xom's mischief]
  6894 | D:11     | Gained mutation: Your body sometimes deteriorates upon
                  | taking damage. [Xom's mischief]
  6894 | D:11     | Lost mutation: Armour fits poorly on your strangely shaped
                  | body. [Xom's mischief]
  6947 | D:11     | XOM: smoke on damage
  6951 | D:11     | Reached skill level 10 in Long Blades
  7187 | D:11     | XOM: enchant monster (good)
  7209 | D:11     | Noticed a green ugly thing
  7215 | D:11     | Killed a green ugly thing
  7311 | D:11     | XOM: scenery: create altars
  7525 | D:12     | Found a sacrificial altar of Ru.
  7629 | D:12     | Noticed a two-headed ogre
  7636 | D:12     | Killed a two-headed ogre
  7653 | D:12     | XOM: summons friendly shadow imp
  7791 | D:12     | Reached skill level 11 in Long Blades
  7815 | D:12     | Noticed a death knight
  7821 | D:12     | Killed a death knight
  7821 | D:12     | Reached XP level 12. HP: 61/113 MP: 5/11
  8021 | D:12     | XOM: divination: detect creatures
  8187 | D:13     | Found a transporter.
  8193 | D:13     | XOM: give mutations
  8193 | D:13     | Gained mutation: You are robust. (+10% HP) [Xom's grace]
  8193 | D:13     | Gained mutation: You are mostly covered in icy blue scales.
                  | (AC +3) [Xom's grace]
  8193 | D:13     | Gained mutation: You can translocate small distances at
                  | will. [Xom's grace]
  8202 | D:13     | Found a deep blue altar of Sif Muna.
  8229 | D:13     | Reached skill level 10 in Dodging
  8269 | D:13     | Found a transporter.
  8433 | D:13     | Noticed a two-headed ogre
  8438 | D:13     | Killed a two-headed ogre
  8459 | D:13     | Noticed a tengu warrior
  8465 | D:13     | Killed a tengu warrior
  8699 | D:13     | Noticed a deep troll earth mage
  8699 | D:13     | Noticed a deep troll earth mage
  8704 | D:13     | Noticed an ettin
  8704 | D:13     | Noticed a fire giant
  8705 | D:13     | Noticed a centaur warrior
  8705 | D:13     | Noticed a tengu reaver
  8706 | D:13     | Noticed a centaur warrior
  8708 | D:13     | Noticed a deep troll earth mage
  8709 | D:13     | Noticed a sphinx
  8711 | D:13     | XOM: scenery: create altars
  8713 | D:13     | Killed a deep troll earth mage
  8713 | D:13     | Reached skill level 12 in Long Blades
  8713 | D:13     | XOM: summons friendly crimson imp
  8717 | D:13     | Killed a deep troll earth mage
  8718 | D:13     | Killed a fire giant
  8719 | D:13     | Killed a deep troll earth mage
  8719 | D:13     | Killed a centaur warrior
  8720 | D:13     | Reached skill level 13 in Long Blades
  8720 | D:13     | Killed an ettin
  8720 | D:13     | Reached XP level 13. HP: 133/133 MP: 10/12
  8725 | D:13     | Killed a sphinx
  8725 | D:13     | Killed a tengu reaver
  8767 | D:13     | Got a warped bone amulet
  8782 | D:13     | Got a brightly glowing mace
  8783 | D:13     | Identified the cursed +0 mace of Trial by Ordeal {flame,
                  | +Rage rElec MR+ Str+3} (You found it on level 13 of the
                  | Dungeon)
  8802 | D:13     | Got a glittering amber ring
  8808 | D:13     | Identified the ring "Xoclel" {+Inv rF- rC+ Int+4 Dex+3}
                  | (You found it on level 13 of the Dungeon)
  8810 | D:13     | Identified the amulet of Incredulity {Gourm rC+} (You found
                  | it on level 13 of the Dungeon)
  8897 | D:14     | Found Gozag's Platinum Reserve.
  8922 | D:14     | Found an opulent altar of Gozag.
  8999 | D:14     | XOM: harmless Erth miscast
  9011 | D:14     | Reached skill level 14 in Long Blades
  9018 | D:14     | XOM: potion effect (berserk rage)
  9119 | D:14     | XOM: blink monster(s)
  9193 | D:14     | XOM: swap monsters
  9195 | D:14     | Reached skill level 1 in Shields
  9207 | D:14     | Found a gate to the Vaults.
  9367 | D:14     | XOM: polymorph small abomination -> small abomination
  9408 | D:14     | XOM: give mutation
  9408 | D:14     | Gained mutation: You are dopey. (Int -2) [Xom's mischief]
  9429 | D:14     | Found a blossoming altar of Fedhas.
  9468 | D:15     | Entered Level 15 of the Dungeon
  9476 | D:15     | Found a glowing golden altar of the Shining One.
  9515 | D:15     | XOM: harmless Summ miscast
  9685 | D:15     | Got a distressingly furry buckler
  9696 | D:15     | Identified the cursed +0 buckler of Unreason {rF- rN+++
                  | rCorr SInv} (You found it on level 15 of the Dungeon)
 10080 | D:15     | XOM: god gift: pair of runed boots {god gift}
 10126 | D:15     | Found a staircase to the Depths.
 10323 | D:15     | XOM: divination: detect creatures
 10428 | D:11     | XOM: give mutation
 10428 | D:11     | Gained mutation: Your flesh is heat resistant. (rF+) [Xom's
                  | grace]
 10447 | Orc:1    | Entered Level 1 of the Orcish Mines
 10447 | Orc:1    | Found Doaxump's Antique Weapon Shoppe.
 10452 | Orc:1    | Reached skill level 15 in Long Blades
 10454 | Orc:1    | Reached XP level 14. HP: 145/145 MP: 13/13
 10552 | Orc:1    | Found a runed translucent door.
 10553 | Orc:1    | Found a shimmering altar of Xom.
 10553 | Orc:1    | Noticed Poijas's ghost (journeyman DsAK)
 10563 | Orc:1    | XOM: cast spell 'Shadow Creatures'
 10588 | Orc:1    | Killed Poijas's ghost
 10597 | Orc:1    | XOM: harmless Pois miscast
 10619 | Orc:1    | XOM: god gift: sack of spiders
 10687 | Orc:1    | XOM: mild Fire miscast
 10738 | Orc:1    | XOM: torment (96/145 hp)
 10784 | Orc:1    | XOM: give mutations
 10784 | Orc:1    | Lost mutation: You can translocate small distances at will.
                  | [Xom's mischief]
 10784 | Orc:1    | Gained mutation: You tend to lose your temper in combat.
                  | [Xom's mischief]
 10784 | Orc:1    | Lost mutation: You are dopey. (Int -2) [Xom's mischief]
 10784 | Orc:1    | Gained mutation: You are weak. (Str -2) [Xom's mischief]
 10960 | Orc:2    | Entered Level 2 of the Orcish Mines
 10960 | Orc:2    | Found a staircase to the Elven Halls.
 10970 | Orc:2    | XOM: harmless Conj miscast
 11109 | Orc:2    | Noticed Donald
 11119 | Orc:2    | Killed Donald
 11170 | Orc:2    | XOM: give mutations
 11170 | Orc:2    | Lost mutation: Your body sometimes deteriorates upon taking
                  | damage. [Xom's mischief]
 11170 | Orc:2    | Gained mutation: You passively map a small area around you.
                  | [Xom's mischief]
 11389 | Orc:2    | Found Putim's Antique Weapon Shop.
 11393 | Orc:2    | XOM: noise
 11401 | Orc:2    | Paralysed by an orc sorcerer for 6 turns
 11427 | Orc:2    | Found Joelaq's Weapon Shoppe.
 11427 | Orc:2    | Found Wueseej's Book Shoppe.
 11427 | Orc:2    | XOM: swap monsters
 11428 | Orc:2    | Paralysed by an orc sorcerer for 5 turns
 11429 | Orc:2    | Slain by an orc knight

Levels and vault maps discovered:
D:1:      mrwooster_arrival_statue_3, layout_loops_ring
D:2:      minmay_chambers_of_ones, layout_rooms, grunt_temple_overflow_holy_war,
          first_ration
D:3:      layout_loops_cross, uniq_natasha
D:4:      layout_loops_corners, vehumet_statue
D:5:      layout_basic, lemuel_coloured_pillars_altar
D:6:      layout_basic, nicolae_ru_awakened_eye, kennysheep_okawaru_gauntlet,
          nicolae_qazlal_style_of_elements, temple_doors_e,
          hangedman_decor_lopped
D:7:      old_forge, layout_loops_ring, eat_drink_and_be_merry_uskayaw,
          grunt_livestock, minmay_manual_mess
D:8:      layout_loops_ring, lemuel_round_altar, kennysheep_dice, uniq_pikel
D:9:      layout_loops_ring, hangedman_abyss_or_decor_passed, minivault_1,
          minivault_16, uniq_psyche
D:10:     layout_gridville
D:11:     layout_roguey, david_lair_shrubbed, hiddenorc2_lemuel
D:12:     layout_roguey, basic_altar, minmay_nine_imps
D:13:     gammafunk_dig_for_victory, layout_loops_ring, basic_altar,
          grunt_decor_arrowhead
D:14:     layout_basic, ximxim_vaults_locker_room,
          nicolae_gozag_zags_fifth_avenue, fedhas_altar_4
D:15:     grunt_enter_depths_snipers, layout_basic, serial_park_square2
Orc:1:    layout_diamond_mine, ebering_ghost_xom, serial_shops, shop
Orc:2:    st_orc_elflike, layout_diamond_mine, uniq_donald

Skill      XL: |  1  2  3  4  5  6  7  8  9 10 11 12 13 14 |
---------------+-------------------------------------------+-----
Maces & Flails | 4 5 6 8 9 10 | 10.5
Fighting       | 4 5 6 7 8 9 11 12 13 | 13.5
Armour         | 3 4 5 6 8 9 10 11 13 | 13.3
Dodging        | 2 3 4 5 7 8 9 10 11 12 | 12.2
Long Blades    | 4 8 11 13 15 | 15.6
Shields        | 3 4 |  4.4

Action                   |  1- 3 |  4- 6 |  7- 9 | 10-12 | 13-15 || total
-------------------------+-------+-------+-------+-------+-------++-------
Melee: Mace              |    42 |    98 |   246 |       |    16 ||   402
       Headbutt          |     2 |    24 |    45 |    46 |    54 ||   171
       Double sword      |       |       |    30 |   266 |   236 ||   532
Evoke: Wand              |       |     1 |     4 |       |     3 ||     8
  Use: Potion            |       |       |     1 |     8 |     2 ||    11
       Scroll            |       |       |       |    18 |     5 ||    23
 Stab: Confused          |       |     2 |       |       |       ||     2
       Paralysed         |       |     5 |     6 |       |       ||    11
       Petrifying        |       |       |     3 |       |       ||     3
  Eat: Chunk             |       |     2 |    10 |    13 |    18 ||    43
Armor: Leather armour    |    21 |    20 |       |       |       ||    41
       Chain mail        |       |     6 |   164 |   198 |   101 ||   469
Dodge: Dodged            |    17 |    56 |   112 |   191 |   125 ||   501
Block: Buckler           |       |       |       |       |    35 ||    35
       Rpst.: Double sword |       |       |     5 |    60 |    18 ||    83

Table legend:
 A = Non-vault XP
 B = Vault XP
 C = Vault XP percentage of total XP
 D = Non-vault monster count
 E = Vault monster count
 F = Vault count percentage of total count
                 A         B        C        D         E       F
            +---------+---------+-------+---------+---------+-------
      Total |   43408 |   33689 |  43.7 |     384 |     127 |  24.9
            +---------+---------+-------+---------+---------+-------
        D:1 |       7 |       0 |   0.0 |       4 |       0 |   0.0
        D:2 |      30 |       0 |   0.0 |      13 |       0 |   0.0
        D:3 |     441 |      32 |   6.8 |      34 |       1 |   2.9
        D:4 |     333 |       0 |   0.0 |      12 |       0 |   0.0
        D:5 |     488 |       0 |   0.0 |      15 |       0 |   0.0
        D:6 |     728 |       3 |   0.4 |      15 |       2 |  11.8
        D:7 |     295 |    1642 |  84.8 |       3 |      27 |  90.0
        D:8 |    2846 |     630 |  18.1 |      40 |       2 |   4.8
        D:9 |    1155 |     418 |  26.6 |      12 |       1 |   7.7
       D:10 |    5714 |       0 |   0.0 |      48 |       0 |   0.0
       D:11 |    3667 |     658 |  15.2 |      27 |      33 |  55.0
       D:12 |    3661 |     403 |   9.9 |      26 |       9 |  25.7
       D:13 |    4307 |   16094 |  78.9 |      11 |      21 |  65.6
       D:14 |    7482 |    4549 |  37.8 |      32 |      11 |  25.6
       D:15 |    5558 |    2297 |  29.2 |      21 |       3 |  12.5
      Orc:1 |    2868 |    1740 |  37.8 |      27 |       2 |   6.9
      Orc:2 |    3828 |    5223 |  57.7 |      44 |      15 |  25.4
            +---------+---------+-------+---------+---------+-------
